 Dungeon Crawl Stone Soup version 0.26-a0-660-gc07710193c (webtiles) character file.

Game seed: 1182830624232147461

1251 lunkers the Covert (level 8, -4/53 HPs)
             Began as a Kobold Delver on Oct 4, 2020.
             Slain by a gnoll
             ... wielding a +0 flail
              (6 damage)
             ... on level 4 of the Dungeon on Oct 5, 2020.
             The game lasted 00:09:04 (5073 turns).

lunkers the Covert (Kobold Delver)                  Turns: 5073, Time: 00:09:05

Health: -4/53      AC:  5    Str: 10    XL:     8   Next: 80%
Magic:  8/8        EV: 19    Int: 11    God:
Gold:   196        SH:  0    Dex: 18    Spells: 7/7 levels left

rFire    . . .     SeeInvis +   a - +0 short sword
rCold    . . .     Faith    .   (shield restricted)
rNeg     . . .     Spirit   .   b - +0 leather armour
rPois    .         Reflect  .   (no helmet)
rElec    .         Harm     .   q - +0 cloak
rCorr    .         Rampage  .   i - +0 pair of gloves
MR       .....                  (no boots)
Stlth    +++++.....             (no amulet)
HPRegen  0.17/turn              x - ring of see invisible
MPRegen  0.11/turn              B - +4 ring of evasion

@: no status effects
A: small, nightstalker 3
a: no special abilities


You were on level 4 of the Dungeon.
You visited 1 branch of the dungeon, and saw 5 of its levels.

You collected 196 gold pieces.

Inventory:

Hand Weapons
 a - a +0 short sword (weapon)
Missiles
 j - 48 poisoned darts (quivered)
 y - a throwing net {=f}
Armour
 b - a +0 leather armour (worn)
 i - a +0 pair of gloves (worn)
 q - a +0 cloak (worn)
Jewellery
 v - an uncursed amulet of faith
 x - a ring of see invisible (left hand)
 B - a +4 ring of evasion (right hand)
Wands
 g - a wand of digging (3)
 m - a wand of iceblast (7)
Scrolls
 c - 2 scrolls of fog
 d - 2 scrolls of magic mapping
 e - 2 scrolls of fear
 k - 6 scrolls of identify {unknown}
 n - a scroll of blinking {unknown}
 o - 5 scrolls of teleportation {unknown}
 p - 3 scrolls of amnesia {unknown}
 s - a scroll of enchant weapon {unknown}
 A - 3 scrolls of remove curse {unknown}
Potions
 f - 2 potions of haste
 h - 2 potions of curing {unknown}
 l - a potion of berserk rage {unknown}
 r - 2 potions of brilliance {unknown}
 t - 2 potions of flight {unknown}
 u - a potion of magic {unknown}
 w - a potion of invisibility {unknown}
 z - a potion of heal wounds {unknown}
 C - a potion of might {unknown}


   Skills:
 + Level 7.5 Fighting
 - Level 6.0 Short Blades
 - Level 2.0 Throwing
 - Level 2.4 Dodging
 - Level 10.0 Stealth
 - Level 4.0 Evocations


You had 7 spell levels left.
You didn't know any spells.
Your spell library was empty.

Dungeon Overview and Level Annotations

Branches:
Dungeon (5/15)
 Temple: D:4-7

Altars:
Dithmenos
Hepliaklqana
Uskayaw

Shops:
D:4 :![*


Innate Abilities, Weirdness & Mutations

You are small and have problems with some larger weapons.
You are completely attuned to the shadows.


Message History

The gnoll hits you with a +0 flail.
* * * LOW HITPOINT WARNING * * *
You feel sick.
You feel sick.
Throwing (i - inventory. (/) - cycle)
j - 50 poisoned darts (quivered)
Press: ? - help, Shift-Dir - straight line, f/p - gnoll
Aim: a gnoll, wielding a +0 flail (almost dead, poisoned)
You throw a poisoned dart.
The poisoned dart closely misses the gnoll.
The gnoll looks more healthy.
Unknown command.
You feel sick.
You are no longer poisoned.
Throwing (i - inventory. (/) - cycle)
j - 49 poisoned darts (quivered)
Press: ? - help, Shift-Dir - straight line, f/p - gnoll
Aim: a gnoll, wielding a +0 flail (almost dead)
You throw a poisoned dart.
The poisoned dart closely misses the gnoll.
The gnoll hits you with a +0 flail.
You die...

###.#.#### #..# #.##.#
#........####..####.##.#
##.#....................#
###...##.###.###..####.######
#...#.....##.# #..# #.......
#.#...##..##.# #..####(######
#.##.###..##.# #.......# #..
#.##.# #..##.###...###.# #.#
#.##.# #....@g..(..###.# #.#
#.##.####.##.###.......# #.#
#.##..# #.##...........# #.#
#.###.# #.#####..#..#### #># #.#
#.# #.####.......######.#
#.###.###.#.................#
#......##.#.##.......########
#####......)..#.###..#..###......
......###...................#####


You could see a gnoll.

Vanquished Creatures
  Pikel (D:4)
  Sigmund (D:2)
  A phantom (D:4)
  2 lemures (D:4)
  A scorpion (D:4)
  2 centaur skeletons (D:5)
  Crazy Yiuf (D:2)
  A bullfrog skeleton (D:3)
  4 orc wizards (D:4)
  An iguana (D:3)
  A worker ant (D:4)
  A hound skeleton (D:3)
  2 adders (D:2)
  9 gnolls
  A shadow imp (D:4)
  A white imp (D:5)
  An ooze (D:3)
  A worm (D:5)
  2 dart slugs (D:3)
  7 leopard geckos
  9 orcs
  7 bats
  2 giant cockroaches
  4 goblins
  10 hobgoblins
  4 jackals (D:4)
  2 quokkas (D:5)
  3 frilled lizards (D:1)
  5 kobolds
  6 rats
93 creatures vanquished.

Notes
Turn   | Place    | Note
-------+----------+-------------------------------------------
     0 | D:5      | lunkers the Kobold Delver began the quest for the Orb.
     0 | D:5      | Reached XP level 1. HP: 14/14 MP: 1/1
    25 | D:5      | Reached XP level 2. HP: 19/19 MP: 2/2
   217 | D:4      | Found Jutej's General Store.
   231 | D:3      | Reached skill level 7 in Stealth
   281 | D:3      | Found a shadowy altar of Dithmenos.
   375 | D:3      | Reached XP level 3. HP: 21/23 MP: 3/3
   380 | D:3      | Reached XP level 4. HP: 26/28 MP: 4/4
  1634 | D:2      | Reached skill level 8 in Stealth
  1634 | D:2      | Reached XP level 5. HP: 32/32 MP: 5/5
  1681 | D:2      | Reached skill level 5 in Short Blades
  2044 | D:2      | Found a hazy altar of Hepliaklqana.
  2218 | D:2      | Noticed Sigmund
  2228 | D:2      | Killed Sigmund
  2228 | D:2      | Reached skill level 9 in Stealth
  2228 | D:2      | Reached XP level 6. HP: 31/37 MP: 6/6
  2308 | D:2      | Found a runed translucent door.
  2311 | D:2      | Noticed Crazy Yiuf
  2540 | D:2      | Killed Crazy Yiuf
  2608 | D:3      | Reached skill level 1 in Evocations
  2921 | D:3      | Reached XP level 7. HP: 31/41 MP: 7/7
  3184 | D:3      | Upgraded the game from 0.26-a0-658-gbdda728c12 to
                  | 0.26-a0-660-gc07710193c
  3275 | D:4      | Found Nuedoeq's Distillery.
  3429 | D:4      | Reached skill level 1 in Throwing
  3685 | D:4      | Noticed Pikel
  3762 | D:4      | Paralysed by Pikel for 2 turns
  3775 | D:4      | Killed Pikel
  3775 | D:4      | Reached skill level 5 in Fighting
  3775 | D:4      | Reached skill level 10 in Stealth
  3775 | D:4      | Reached XP level 8. HP: 28/51 MP: 8/8
  4137 | D:4      | Found Moyreff's Antique Armour Shop.
  4358 | D:4      | Found Xerag's Book Shop.
  4621 | D:5      | Found a hide-covered altar of Uskayaw.
  5061 | D:4      | HP: 2/53 [poisoned by a scorpion]
  5069 | D:4      | HP: 2/53 [poisoned by a scorpion]
  5073 | D:4      | Slain by a gnoll

Illustrated notes

Levels and vault maps discovered:
D:1:      heliophobic_arrival_glass_houses, layout_rooms,
          minmay_misc_feat_nine_boxes
D:2:      layout_basic, lemuel_crystal_altar, uniq_crazy_yiuf_cottage,
          uniq_sigmund
D:3:      layout_loops_ring, marbit_many_paths, minmay_misc_feat_alley
D:4:      layout_loops_ring, serial_shops, nicolae_shop_behind_doors, shop,
          nicolae_shop_behind_doors, shop_statue, uniq_pikel
D:5:      layout_rooms, eat_drink_and_be_merry_uskayaw, hangedman_ru_absence,
          glass_columns_a, uniq_edmund, uniq_prince_ribbit1

Skill      XL: |  1  2  3  4  5  6  7  8 |
---------------+-------------------------+-----
Short Blades   | 3 4 6 |  6.0
Stealth        | 7 8 9 10 | 10.0
Evocations     | 1 3 4 |  4.0
Throwing       | 2 |  2.0
Fighting       | 5 7 |  7.5
Dodging        | |  2.4

Action                   |  1- 3 |  4- 6 |  7- 9 || total
-------------------------+-------+-------+-------++-------
Melee: Short sword       |    17 |   179 |   232 ||   428
Throw: Dart              |       |   100 |    74 ||   174
       Throwing net      |       |     1 |       ||     1
Evoke: Wand              |       |       |     2 ||     2
 Stab: Sleeping          |     9 |     1 |     2 ||    12
       Held in net/web   |       |     2 |       ||     2
       Distracted        |       |     1 |       ||     1
       Paralysed         |       |       |     1 ||     1
Armor: Leather armour    |     2 |    34 |    20 ||    56
Dodge: Dodged            |     4 |   130 |   142 ||   276

Table legend: (Time is in decaauts)
 A = Elapsed time spent in this place.
 B = Non-inter-level travel time spent in this place.
 C = Inter-level travel time spent in this place.
 D = Time resting spent in this place.
 E = Time spent auto-exploring this place.
 F = Levels seen in this place.
 G = Mean time per level.
                   A        B        C        D        E       F      G
               +--------+--------+--------+--------+--------+-----+--------+
         Total |   4995 |   4903 |     92 |    477 |   3340 |   5 |  999.0 |
       Dungeon |   4995 |   4903 |     92 |    477 |   3340 |   5 |  999.0 |
               +--------+--------+--------+--------+--------+-----+--------+

Top non-repeatable levels by time:
     D:4: 1685 daAuts
     D:2: 1542 daAuts
     D:3: 844 daAuts
     D:1: 558 daAuts
     D:5: 364 daAuts
